 Dungeon Sprint DCSS version 0.18-a0-993-g4a3b7c7 (webtiles) character file.

812 M4edhros the Covert (level 7, -2/43 HPs)
             Began as an Octopode Artificer on Jan 4, 2016.
             Was an Initiate of Fedhas.
             Slain by a tentacle (24 damage)
             ... attached to a kraken
             ... in the Dungeon (Sprint II: "The Violet Keep of Menkaure").
             The game lasted 00:06:01 (692 turns).

M4edhros the Covert (Octopode Artificer)             Turns: 692, Time: 00:06:01

Health: -2/43      AC:  2    Str: 13    XL:     7   Next: 93%
Magic:  13/13      EV: 18    Int: 14    God:    Fedhas [......]
Gold:   652        SH:  0    Dex: 14    Spells: 0 memorised, 6 levels left

rFire  + . .     SeeInvis .     l - +10 falchion "Jibbut" {slice, *Confuse rF+ Str+2}
rCold  . . .     Gourm    +     (no shield)
rNeg   . . .     Faith    .     (helmet restricted)
rPois  .         Spirit   .     w - amulet of the gourmand
rElec  .         Dismiss  .     t - +1 ring of protection
rCorr  .         Reflect  .     (no ring)
SustAt .         Harm     .     (no ring)
MR     .....     NoTele   +     (no ring)
Stlth  +++++++++.               (no ring)
                                (no ring)
                                (no ring)
                                (no ring)

@: not resistant to hostile enchantments, incredibly stealthy
A: almost no armour, amphibious, 8 rings, constrict 8, camouflage 1, gelatinous
body 1
a: Renounce Religion


You were in the Dungeon.
You worshipped Fedhas.
Fedhas was noncommittal.
You were not hungry.

You visited 1 branch You collected 852 gold pieces.
You spent 200 gold pieces at shops.

Inventory:

Hand Weapons
 a - a +0 short sword
 l - the +10 falchion "Jibbut" (weapon) {slice, *Confuse rF+ Str+2}
   (You bought it in a shop in the Dungeon)

   It inflicts extra damage upon your enemies.
   It affects your strength (+2).
   It protects you from fire.
   It may confuse you when you take damage.
Jewellery
 t - a +1 ring of protection (left tentacle)
 w - an amulet of the gourmand (around mantle)
Wands
 b - a wand of flame (11/48)
 c - a wand of enslavement (15/24)
 d - a wand of random effects (15/48)
Scrolls
 e - 4 scrolls of amnesia
 o - a scroll of recharging
 s - a scroll of remove curse
 u - a scroll of enchant weapon
 v - a scroll of immolation
 y - 3 scrolls of fear
 A - a scroll of random uselessness
Potions
 h - a potion of haste
 i - 5 potions of magic
 j - 2 potions of might {unknown}
 n - 2 potions of brilliance {unknown}
 p - a potion of degeneration {unknown}
 q - a potion of curing
 r - 4 potions of resistance {unknown}
 z - 3 potions of flight {unknown}
Comestibles
 f - 3 bread rations
 g - a beef jerky
 x - 2 fruits


   Skills:
 - Level 1.0 Fighting
 - Level 1.0 Short Blades
 * Level 10.7 Dodging
 * Level 14.4 Stealth
 + Level 8.9 Evocations


You had 6 spell levels left.
You didn't know any spells.

Dungeon Overview and Level Annotations

Branches:
Dungeon (1/1)

Altars:
Cheibriados
Dithmenos
Elyvilon
Fedhas
Gozag
Kikubaaqudgha
Makhleb
Nemelex Xobeh
Okawaru
Pakellas
Qazlal
Ru
Sif Muna
Trog
Vehumet
Xom
Yredelemnul
Zin
The Shining One
Beogh
Jiyva
Lugonu

Shops:
D [:[}([*?=%[=*!:!

Annotations:
D exclusion: ice statue


Innate Abilities, Weirdness & Mutations

You cannot wear most types of armour.
You are amphibious.
You can wear up to eight rings at the same time.
You can use your tentacles to constrict eight enemies at once.
Your skin changes colour to match your surroundings (Stealth).
Your rubbery body absorbs attacks (AC +1).


Message History

As you read the scroll of blinking, it crumbles to dust.
You start resting.
Your magical contamination has completely faded away.
You start resting.
HP restored.
Read which item? (? for menu, Esc to quit)
Okay, then.
You see here 22 bolts.
Tentacles burst out of the water! 4 tentacles come into view.
There is an open door here.
The tentacle slaps you. The tentacle slaps you!!
Drink which item? (? for menu, Esc to quit)
Okay, then.
The tentacle slaps you!!
Ouch! That really hurt!
You die...
Xom howls with laughter!
Fedhas appreciates your contribution to the ecosystem.

#[\▓..)(....▓▓ ##
+.####=|▓..(...(.▓▓ .#
...####▓...(.[..▓▓ .##
#..# c#▓......((▓▓ ..#
+..# y#▓[)..[.))▓▓ ..#
#..# h#▓[)......▓▓
..####..##.#▓..(..((.▓▓
....###...##▓▓▓▓▓▓▓'▓▓▓▓+▓
......≈≈≈≈≈≈≈≈≈†@≈≈──*Xw≈▓
≈.....≈#'########w###w≈w≈▓
≈≈≈≈..≈#_._.....#≈§≈##≈≈≈▓
≈≈≈≈≈.≈#._._....#§§§≈####▓
≈§≈≈§≈≈#_._._...#§§§≈§#
§≈≈§≈≈≈#._._._..#≈§§≈§≈#
§≈≈§≈§≈#_._._._.#§≈§§§≈+
§≈###§≈#._._._..#≈t§§§t#
#§≈#.._._._.#§≈


You could see a kraken and 4 tentacles.

Vanquished Creatures
  4 neqoxecs (D)
  2 crocodiles (D)
  A hell rat (D)
  4 worker ants (D)
  3 worms (D)
14 creatures vanquished.

Vanquished Creatures (others)
  An oklob plant (D)
  Menkaure (D)
  A crocodile (D)
  4 tentacles (D)
  43 tentacle segments (D)
50 creatures vanquished.

Grand Total: 64 creatures vanquished

Notes
Turn   | Place    | Note
--------------------------------------------------------------
     0 | D        | M4edhros the Octopode Artificer began the quest for the Orb.
     0 | D        | Reached XP level 1. HP: 13/13 MP: 3/3
     1 | D        | Noticed a boulder beetle
     1 | D        | Noticed a boulder beetle
     4 | D        | Noticed a neqoxec
     4 | D        | Noticed a neqoxec
     4 | D        | Noticed a neqoxec
     4 | D        | Noticed a neqoxec
     7 | D        | Noticed a worker ant
     7 | D        | Noticed a worker ant
    12 | D        | Killed Menkaure
    19 | D        | Reached XP level 2. HP: 12/18 MP: 4/4
    35 | D        | Killed a crocodile
   106 | D        | Found Dorij's Distillery.
   106 | D        | Found Jifathok's General Store.
   106 | D        | Found Lipixood's Book Shoppe.
   106 | D        | Found Emimejal's Jewellery Emporium.
   107 | D        | Found Fuadghuo's Distillery.
   107 | D        | Found Ceutiuj's Food Shoppe.
   107 | D        | Found Ysholays's Jewellery Emporium.
   107 | D        | Found Noudgh's Magic Scroll Shoppe.
   111 | D        | Reached skill level 4 in Stealth
   113 | D        | Found Mubbom's Assorted Antiques.
   113 | D        | Found Zubuil's Antique Armour Emporium.
   113 | D        | Found Siffyo's Armour Shoppe.
   113 | D        | Found Cupari's Antique Weapon Shoppe.
   115 | D        | Found Keojeirgh's Gadget Shoppe.
   115 | D        | Found Cylachuts's Antique Armour Emporium.
   115 | D        | Noticed a crocodile
   115 | D        | Noticed a fire dragon
   115 | D        | Noticed an oklob plant
   116 | D        | Found Reshra Qiecs's Antique Armour Shoppe.
   116 | D        | Found Giro's Book Shoppe.
   119 | D        | Noticed a redback
   120 | D        | Noticed a black bear
   120 | D        | Noticed a redback
   121 | D        | Noticed a black bear
   122 | D        | Noticed a black bear
   136 | D        | Bought a bloodstained falchion for 200 gold pieces
   136 | D        | Identified the +10 falchion "Jibbut" {slice, *Confuse rF+ Str+2} (You bought it in a shop in the Dungeon)
   147 | D        | Killed a crocodile
   147 | D        | Reached skill level 5 in Dodging
   147 | D        | Reached skill level 7 in Stealth
   147 | D        | Reached skill level 5 in Evocations
   147 | D        | Reached XP level 3. HP: 23/23 MP: 4/6
   147 | D        | Reached XP level 4. HP: 28/28 MP: 4/7
   149 | D        | Noticed a flying skull
   150 | D        | Noticed a flying skull
   150 | D        | Noticed a flying skull
   154 | D        | Reached skill level 8 in Stealth
   158 | D        | Noticed a flying skull
   159 | D        | Noticed a flying skull
   161 | D        | Noticed a flying skull
   163 | D        | Noticed a flying skull
   163 | D        | Noticed a flying skull
   163 | D        | Noticed a flying skull
   164 | D        | Noticed a flying skull
   164 | D        | Noticed a flying skull
   165 | D        | Noticed a flying skull
   170 | D        | Reached XP level 5. HP: 24/33 MP: 6/9
   172 | D        | Reached skill level 9 in Stealth
   196 | D        | Reached skill level 10 in Stealth
   357 | D        | Killed a neqoxec
   357 | D        | Reached skill level 11 in Stealth
   357 | D        | Reached XP level 6. HP: 38/38 MP: 9/11
   361 | D        | Killed a neqoxec
   361 | D        | Reached skill level 12 in Stealth
   361 | D        | Reached XP level 7. HP: 43/43 MP: 9/12
   364 | D        | Killed a neqoxec
   364 | D        | Reached skill level 10 in Dodging
   364 | D        | Reached skill level 13 in Stealth
   365 | D        | Killed a neqoxec
   365 | D        | Reached skill level 14 in Stealth
   422 | D        | Noticed an ice statue
   436 | D        | Found a glowing silver altar of Zin.
   436 | D        | Found an oddly glowing altar of Pakellas.
   437 | D        | Found an iron altar of Okawaru.
   437 | D        | Found a glowing golden altar of the Shining One.
   437 | D        | Found a blossoming altar of Fedhas.
   438 | D        | Found a white marble altar of Elyvilon.
   438 | D        | Found a bloodstained altar of Trog.
   438 | D        | Found a basalt altar of Yredelemnul.
   438 | D        | Found a sparkling altar of Nemelex Xobeh.
   439 | D        | Found a sacrificial altar of Ru.
   439 | D        | Found a roughly hewn altar of Beogh.
   439 | D        | Found a shimmering altar of Xom.
   440 | D        | Found an opulent altar of Gozag.
   440 | D        | Found a shadowy altar of Dithmenos.
   441 | D        | Found a radiant altar of Vehumet.
   441 | D        | Found a burning altar of Makhleb.
   442 | D        | Found a deep blue altar of Sif Muna.
   444 | D        | Found a corrupted altar of Lugonu.
   444 | D        | Found a snail-covered altar of Cheibriados.
   444 | D        | Found an ancient bone altar of Kikubaaqudgha.
   444 | D        | Noticed a polar bear
   445 | D        | Found a stormy altar of Qazlal.
   445 | D        | Found a viscous altar of Jiyva.
   445 | D        | Noticed a yaktaur
   452 | D        | Became a worshipper of Xom of Chaos
   456 | D        | Fell from the grace of Xom
   456 | D        | Became a worshipper of Fedhas Madash
   460 | D        | Killed an oklob plant
   481 | D        | Noticed a kraken
   692 | D        | Slain by a tentacle

Vault maps used:
D:        the_violet_keep_of_menkaure

Action                   |  1- 3 |  4- 6 |  7- 9 || total
-------------------------+-------+-------+-------++-------
Melee: Short sword       |    10 |       |       ||    10
       Falchion          |       |    18 |     4 ||    22
Evoke: Wand              |     2 |       |     2 ||     4
  Use: Potion            |       |     3 |       ||     3
       Scroll            |       |       |     8 ||     8
 Stab: Sleeping          |     1 |     3 |       ||     4
